[Event "Titled Tuesday Blitz June 13 Early 2023"]
[White "Zhukov, Maksim"]
[Black "Haukenfrers, Dale"]
[WhiteFideId "34181790"]
[BlackFideId "2603780"]
[WhiteElo "1925"]
[BlackElo "2058"]
[Result "0-1"]
[Round "9"]
[TimeControl "180+2"]
[Date "2023.06.13"]
[WhiteClock "0:00:12"]
[BlackClock "0:00:50"]
[Board "118"]

1. d4 d6 2. Bf4 c6 3. e3 g5 4. Bg3 Nf6 5. c4 h5 6. h3 Rg8 7. Be2 b5 8. cxb5 cxb5 9. Bxb5+ Bd7 10. Bxd7+ Nbxd7 11. Nc3 Rb8 12. Qd2 Bh6 13. Nge2 h4 14. Bh2 g4 15. hxg4 Nxg4 16. Bf4 Bxf4 17. Nxf4 Ndf6 18. Rxh4 Qa5 19. f3 Qg5 20. Rxg4 Nxg4 21. fxg4 Qxg4 22. b3 Rh8 23. Nh3 Rxh3 24. gxh3 Qg1+ 25. Ke2 Qxa1 26. Nd5 Qh1 27. Qa5 Rc8 28. Nc3 Qxh3 29. Qb5+ Kf8 30. Qd3 Qg2+ 31. Kd1 Kg7 32. e4 Rh8 33. Ne2 Rh3 34. Qc2 Rh1+ 35. Kd2 Rh2 36. Kd1 Qf1+ 37. Kd2 Qxe2+ 38. Kc3 Qxc2+ 39. Kb4 Qd2+ 40. Kc4 Qxa2 41. e5 Qa6+ 42. Kc3 Qc6+ 43. Kd3 Qc2+ 44. Ke3 Qd2+ 45. Ke4 dxe5 46. Kd5 Qxd4+ 47. Kc6 Rc2+ 48. Kb7 Qb6+ 49. Ka8 Rc8# 0-1


[Site "https://www.chess.com"]

[Event "Titled Tuesday Blitz June 13 Early 2023"]
[White "Novikova, Margarita"]
[Black "Kozak, Antoni"]
[WhiteFideId "14109689"]
[BlackFideId "21832030"]
[WhiteElo "2013"]
[BlackElo "2470"]
[Result "1/2-1/2"]
[Round "9"]
[TimeControl "180+2"]
[Date "2023.06.13"]
[WhiteClock "0:00:09"]
[BlackClock "0:00:21"]
[Board "119"]

1. e4 Nf6 2. e5 Ne4 3. Nc3 d5 4. exd6 Nxd6 5. d4 g6 6. Nf3 Bg7 7. Be2 O-O 8. O-O Bg4 9. Be3 Nc6 10. h3 Bxf3 11. Bxf3 Nc4 12. Bxc6 bxc6 13. Rb1 c5 14. dxc5 Rb8 15. Qxd8 Rfxd8 16. Rfd1 Rxd1+ 17. Nxd1 Na3 18. Rc1 Bxb2 19. Nxb2 Rxb2 20. c6 Rxa2 21. Bxa7 Rxc2 22. Rxc2 Nxc2 23. Bb8 Nd4 24. Bxc7 Nxc6 25. Kh2 e5 26. Kg3 f5 27. Kf3 Kf7 28. Ke3 Ke6 29. f3 Nb4 30. Bb8 Nd5+ 31. Kf2 Nf4 32. Ba7 Kd5 33. Be3 Nd3+ 34. Ke2 Nb2 35. Bg5 Nc4 36. Bf6 h5 37. Bg7 Nb6 38. Bf6 Nd7 39. Bg7 Nc5 40. Bf6 Ne6 41. Kf2 Nf4 42. Bg5 Nd3+ 43. Ke3 Nb2 44. Ke2 Nc4 45. Bh6 Nd6 46. Bg7 Nb5 47. Bf6 Nc7 48. Be7 Ne6 49. Bf6 e4 50. fxe4+ Kxe4 51. Kf2 Nf4 52. Bg5 Nd3+ 53. Ke2 Ne5 54. Kf2 Nc6 55. Bc1 Nb4 56. Bd2 Nd5 57. Ke2 Nf4+ 58. Kf2 Nd5 59. Bh6 Kd3 60. Kf3 Kd4 61. g4 fxg4+ 62. hxg4 h4 63. Bg5 h3 64. Kg3 Ke4 65. Kxh3 Kf3 66. Bc1 Ne3 67. Bxe3 Kxe3 68. Kg3 g5 69. Kg2 Kf4 70. Kf2 Ke4 71. Kg2 Ke3 72. Kg3 Ke2 73. Kg2 Kd3 74. Kg3 Ke4 75. Kg2 Kf4 76. Kf2 Kxg4 77. Kg2 Kh4 78. Kh2 Kh5 79. Kg3 Kg6 80. Kg4 Kf6 81. Kg3 Kf5 82. Kf3 Ke5 83. Kg4 Kf6 84. Kg3 Kg6 85. Kg4 Kh6 86. Kg3 Kh5 87. Kh3 g4+ 88. Kg3 Kg5 89. Kg2 Kh4 90. Kh2 Kg5 91. Kg3 Kf5 92. Kg2 Kf4 93. Kf2 g3+ 94. Kg2 Kg4 95. Kg1 Kh4 96. Kg2 Kg4 97. Kg1 Kf5 98. Kg2 Kf4 99. Kg1 Kf3 100. Kf1 Ke3 101. Kg2 Kf4 102. Kg1 Kg5 103. Kg2 Kg4 1/2-1/2


[Site "https://www.chess.com"]

[Event "Titled Tuesday Blitz June 13 Early 2023"]
[White "Schnaider, Ilan"]
[Black "Ozalp, Burak"]
[WhiteFideId "169013"]
[BlackFideId "6314210"]
[WhiteElo "2224"]
[BlackElo "2106"]
[Result "1-0"]
[Round "9"]
[TimeControl "180+2"]
[Date "2023.06.13"]
[WhiteClock "0:02:25"]
[BlackClock "0:01:01"]
[Board "120"]

1. e4 c6 2. Nf3 d5 3. Nc3 dxe4 4. Nxe4 Nf6 5. Qe2 Nxe4 6. Qxe4 Nd7 7. Bc4 Nf6 8. Ne5 e6 9. Qf4 Bd6 10. d4 O-O 11. O-O Qc7 12. Bd3 c5 13. Qh4 cxd4 14. Ng4 Re8 15. Nxf6+ gxf6 16. Bxh7+ Kf8 17. Qxf6 1-0


[Site "https://www.chess.com"]

[Event "Titled Tuesday Blitz June 13 Early 2023"]
[White "Tarasova, Viktoriya"]
[Black "Pinheiro, Iung Alicio de O."]
[WhiteFideId "4175840"]
[BlackFideId "2104350"]
[WhiteElo "2182"]
[BlackElo "2283"]
[Result "0-1"]
[Round "9"]
[TimeControl "180+2"]
[Date "2023.06.13"]
[WhiteClock "0:00:06"]
[BlackClock "0:00:52"]
[Board "121"]

1. d4 Nf6 2. c3 e6 3. Nf3 b6 4. Bf4 Bb7 5. e3 c5 6. Nbd2 cxd4 7. exd4 Be7 8. Bd3 d6 9. O-O O-O 10. Re1 Nbd7 11. a4 a6 12. Qc2 Re8 13. Re2 Qc7 14. Rae1 Bf8 15. Bg3 Bc6 16. c4 Qb7 17. b4 b5 18. cxb5 axb5 19. a5 g6 20. Bf4 Nd5 21. Bg3 Nxb4 22. Qb1 Nxd3 23. Qxd3 Rxa5 24. Ne4 Bxe4 25. Rxe4 d5 26. R4e2 b4 27. Qd2 Rb5 28. h4 b3 29. h5 b2 30. Rb1 Ba3 31. hxg6 fxg6 32. Ne5 Nxe5 33. Bxe5 Rc8 34. Kh2 Rc1 35. Qd3 Rxb1 36. Qxb1 Qf7 37. Re3 Qf5 38. Rxa3 Qxb1 39. Ra8+ Kf7 40. Ra7+ Ke8 41. Ra8+ Kd7 0-1


[Site "https://www.chess.com"]

[Event "Titled Tuesday Blitz June 13 Early 2023"]
[White "Corredor Castellanos, Camilo"]
[Black "Srdanovic, Jovana"]
[WhiteFideId "4425871"]
[BlackFideId "954810"]
[WhiteElo "1994"]
[BlackElo "2155"]
[Result "1-0"]
[Round "9"]
[TimeControl "180+2"]
[Date "2023.06.13"]
[WhiteClock "0:01:01"]
[BlackClock "0:00:00"]
[Board "122"]

1. e4 e5 2. Nf3 Nc6 3. Bb5 a6 4. Ba4 d6 5. d3 Bd7 6. c3 g6 7. O-O Nf6 8. h3 Bg7 9. Re1 O-O 10. Be3 Ne7 11. Bb3 c6 12. Qc1 Qc7 13. Bh6 Nh5 14. Bxg7 Kxg7 15. d4 Nf4 16. Na3 Nd3 17. Qg5 Nxe1 18. Rxe1 f6 19. Qh4 Rae8 20. Nc4 d5 21. exd5 cxd5 22. Ne3 e4 23. Nh2 Qd6 24. c4 dxc4 25. Nxc4 Qb4 26. Rxe4 Nf5 27. Qf4 Rxe4 28. Qxe4 Re8 29. Qf4 b5 30. Ne3 Qe1+ 31. Nhf1 Nxe3 32. fxe3 Qc1 33. Kh2 Qxb2 34. Qd6 Bf5 35. Ng3 Qf2 36. Qd5 Rxe3 37. Qf7+ Kh6 38. Qf8+ Kg5 39. h4+ Kf4 40. Qh6+ Kg4 41. Bd1+ Re2 42. Bxe2+ 1-0


[Site "https://www.chess.com"]

[Event "Titled Tuesday Blitz June 13 Early 2023"]
[White "Yonal, Timur"]
[Black "Peycheva, Gergana"]
[WhiteFideId "44115725"]
[BlackFideId "2916711"]
[WhiteElo "1966"]
[BlackElo "2216"]
[Result "0-1"]
[Round "9"]
[TimeControl "180+2"]
[Date "2023.06.13"]
[WhiteClock "0:02:12"]
[BlackClock "0:00:40"]
[Board "123"]

1. e4 c5 2. Nf3 Nc6 3. Bb5 g6 4. O-O Bg7 5. c3 Nf6 6. Re1 O-O 7. d4 d5 8. e5 Ne4 9. Nbd2 Nxd2 10. Bxd2 Qb6 11. a4 cxd4 12. Bxc6 dxc3 13. Bxd5 cxd2 14. Qxd2 e6 15. Bc4 Rd8 16. Qe2 Bd7 17. Red1 Bc6 18. b3 Qc5 19. Rxd8+ Rxd8 20. Rd1 Rxd1+ 21. Qxd1 Bxe5 22. Nxe5 Qxe5 23. h3 Qe4 24. Qf1 Bd5 25. Bxd5 exd5 26. Qb5 d4 27. Kf1 d3 28. Qc5 Qe2+ 29. Kg1 d2 30. Qc8+ Kg7 31. Qc3+ Kh6 32. Kh1 d1=Q+ 33. Kh2 Qxf2 34. Qe5 Qdg1# 0-1


[Site "https://www.chess.com"]

[Event "Titled Tuesday Blitz June 13 Early 2023"]
[White "FREDERICKtheMATE"]
[Black "Gomes, Luiz Alexandre de Souza"]
[BlackFideId "2102790"]
[WhiteElo "2361"]
[BlackElo "2494"]
[Result "1-0"]
[Round "9"]
[TimeControl "180+2"]
[Date "2023.06.13"]
[WhiteClock "0:00:40"]
[BlackClock "0:00:08"]
[Board "124"]

1. Nf3 Nf6 2. g3 c6 3. Bg2 d5 4. O-O Bf5 5. b3 e6 6. Bb2 Be7 7. c4 O-O 8. d3 Nbd7 9. Nbd2 h6 10. Re1 Re8 11. a3 Bh7 12. b4 a5 13. Qb3 Qb6 14. c5 Qa6 15. e4 dxe4 16. dxe4 Red8 17. Bf1 Qa7 18. Bc4 Nf8 19. Rad1 Rd7 20. Ne5 Rdd8 21. f3 axb4 22. axb4 Qa4 23. Qc3 Qa7 24. Kg2 Qb8 25. Bb3 Qc7 26. Ndc4 Rxd1 27. Rxd1 Rd8 28. Rd4 Rxd4 29. Qxd4 Ng6 30. Nd3 Nf8 31. Nd6 b6 32. Ne5 bxc5 33. bxc5 Bxd6 34. cxd6 Qb7 35. Ba4 c5 36. Qc3 Bxe4 37. d7 N8xd7 38. Nxd7 Bxf3+ 39. Kg1 Nh5 40. Nxc5 Qd5 41. Qd4 Qa2 42. Qd8+ Kh7 43. Bc2+ f5 44. Qd4 Qa5 45. Kf2 Bd5 46. Bxf5+ exf5 47. Qxd5 g6 48. Qf7+ 1-0


[Site "https://www.chess.com"]

[Event "Titled Tuesday Blitz June 13 Early 2023"]
[White "Rosenberg, Evan S"]
[Black "Santos Flores, Alberto"]
[WhiteFideId "2019299"]
[BlackFideId "3601234"]
[WhiteElo "2351"]
[BlackElo "2235"]
[Result "0-1"]
[Round "9"]
[TimeControl "180+2"]
[Date "2023.06.13"]
[WhiteClock "0:00:12"]
[BlackClock "0:00:14"]
[Board "125"]

1. d4 d5 2. Nf3 Nf6 3. Bg5 Ne4 4. Bh4 c5 5. e3 Qb6 6. Nc3 Nxc3 7. bxc3 e6 8. Be2 Qa5 9. O-O Nc6 10. c4 cxd4 11. exd4 Bd6 12. c5 Bc7 13. c4 dxc4 14. Bxc4 O-O 15. Rc1 Nb4 16. Qd2 Nd5 17. Qxa5 Bxa5 18. Ne5 f6 19. Nd3 Bd7 20. Bg3 Bc6 21. Bd6 Rfe8 22. h4 Kf7 23. h5 Bc7 24. Bxd5 Bxd5 25. Bxc7 Bxa2 26. Rc2 Bd5 27. Nb4 Be4 28. Re2 Bf5 29. f3 a5 30. g4 axb4 31. gxf5 exf5 32. Rb2 Ra4 33. Rfb1 b3 34. d5 Rc4 35. d6 Ke6 36. Re2+ Kd7 37. Rxe8 Kxe8 38. Re1+ Kd7 39. Re7+ Kc6 40. Re3 b2 41. Rb3 Rc1+ 42. Kf2 b1=Q 43. Rxb1 Rxb1 44. Ke3 Rd1 45. Kf4 g6 46. hxg6 hxg6 47. Bd8 Kxc5 48. Bxf6 Kxd6 49. Kg5 Rg1+ 50. Kh6 Ke6 51. Bg5 Kf7 52. f4 b5 53. Bh4 b4 54. Bf2 Rg2 55. Bc5 b3 56. Ba3 Ra2 57. Bc1 b2 58. Bxb2 Rxb2 59. Kg5 Rg2+ 60. Kh4 Rg4+ 61. Kh3 Rxf4 62. Kg3 Rg4+ 63. Kf3 Kf6 64. Kf2 Ra4 65. Kf3 Kg5 66. Kg3 Ra3+ 67. Kh2 Kg4 68. Kg2 Ra2+ 69. Kg1 Kf3 70. Kh1 Kg3 71. Kg1 Ra1# 0-1


[Site "https://www.chess.com"]

[Event "Titled Tuesday Blitz June 13 Early 2023"]
[White "Sovetbekova, Nurai"]
[Black "Bilan, Danila"]
[WhiteFideId "13801910"]
[BlackFideId "24161918"]
[WhiteElo "1857"]
[BlackElo "2146"]
[Result "0-1"]
[Round "9"]
[TimeControl "180+2"]
[Date "2023.06.13"]
[WhiteClock "0:00:06"]
[BlackClock "0:00:06"]
[Board "126"]

1. d4 d5 2. c4 c6 3. Nf3 Nf6 4. g3 Bf5 5. Nc3 e6 6. Nh4 Bg4 7. h3 Bh5 8. g4 Bg6 9. Qb3 Qc8 10. Bg2 Bd6 11. Bg5 Nbd7 12. Rc1 Qb8 13. O-O O-O 14. Nxg6 hxg6 15. e4 dxc4 16. Qxc4 Bf4 17. Bxf4 Qxf4 18. Qb3 Rab8 19. d5 exd5 20. exd5 Ne5 21. Ne2 Qd2 22. Rc2 Qa5 23. Qg3 Rfe8 24. dxc6 Nxc6 25. Bxc6 bxc6 26. Nd4 Qxa2 27. Rxc6 Qxb2 28. Nf3 Rb3 29. Qg2 Qa3 30. Rc7 Rxf3 31. Rxa7 Qxa7 32. Qxf3 Qe7 33. g5 Nh5 34. h4 Qe4 35. Qh3 Nf4 36. Qg4 Ne2+ 0-1


[Site "https://www.chess.com"]

[Event "Titled Tuesday Blitz June 13 Early 2023"]
[White "Shapiro, Daniel"]
[Black "Ladan, Nicholas"]
[WhiteFideId "2001780"]
[BlackFideId "30918855"]
[WhiteElo "2348"]
[BlackElo "2167"]
[Result "0-1"]
[Round "9"]
[TimeControl "180+2"]
[Date "2023.06.13"]
[WhiteClock "0:00:00"]
[BlackClock "0:00:05"]
[Board "127"]

1. d4 b6 2. e4 Bb7 3. Nd2 e6 4. Ngf3 Nf6 5. Bd3 d5 6. Qe2 c5 7. e5 Nfd7 8. c3 Nc6 9. a3 a5 10. Nf1 Be7 11. h4 Qc8 12. Bf4 Ba6 13. Ne3 Bxd3 14. Qxd3 Qa6 15. Qxa6 Rxa6 16. h5 h6 17. g4 b5 18. Ke2 Nb6 19. Bg3 Na4 20. Rab1 Kd7 21. Rhd1 b4 22. dxc5 bxc3 23. b4 axb4 24. axb4 Raa8 25. b5 Na5 26. c6+ Kc7 27. Nd4 Bc5 28. Nec2 Nc4 29. f4 Rhe8 30. f5 exf5 31. gxf5 Kb6 32. e6 fxe6 33. fxe6 Nab2 34. Rf1 Na3 35. Rf7 Nxc2 36. Bc7+ Ka7 37. Bd6+ Kb6 38. Bc7+ Ka7 0-1


[Site "https://www.chess.com"]

[Event "Titled Tuesday Blitz June 13 Early 2023"]
[White "Kovalevsky, Stanislav"]
[Black "Bashirli, Saadat"]
[WhiteFideId "13508598"]
[BlackFideId "13429990"]
[WhiteElo "2112"]
[BlackElo "1408"]
[Result "0-1"]
[Round "9"]
[TimeControl "180+2"]
[Date "2023.06.13"]
[WhiteClock "0:00:35"]
[BlackClock "0:00:46"]
[Board "128"]

1. c4 e6 2. e4 d5 3. exd5 exd5 4. cxd5 Qxd5 5. Nc3 Qd8 6. Bc4 Nf6 7. Nge2 Be7 8. O-O O-O 9. d4 b6 10. Nf4 Bb7 11. Re1 Nbd7 12. h3 Bd6 13. Nb5 Bb4 14. Bd2 Bxd2 15. Qxd2 a6 16. Nc3 b5 17. Bd3 Nb6 18. Re5 Re8 19. Rae1 Qd6 20. Qe3 Nbd7 21. Rxe8+ Rxe8 22. Qxe8+ Nxe8 23. Rxe8+ Nf8 24. d5 Qxf4 25. Ne4 Bxd5 26. Ng3 g6 27. Rd8 c6 28. Ne2 0-1


[Site "https://www.chess.com"]

[Event "Titled Tuesday Blitz June 13 Early 2023"]
[White "Seletsky, Grigory"]
[Black "Jiganchine, Roman"]
[WhiteFideId "14112191"]
[BlackFideId "2603667"]
[WhiteElo "2491"]
[BlackElo "2317"]
[Result "1-0"]
[Round "9"]
[TimeControl "180+2"]
[Date "2023.06.13"]
[WhiteClock "0:00:08"]
[BlackClock "0:00:00"]
[Board "129"]

1. d4 d5 2. c4 e6 3. Nc3 Nf6 4. Bg5 Be7 5. cxd5 Nxd5 6. Bxe7 Nxc3 7. Bxd8 Nxd1 8. Bxc7 Nxb2 9. e3 Na4 10. Nf3 Nc6 11. Rb1 Nc3 12. Rb2 Nd5 13. Bd6 f6 14. e4 Nb6 15. Bb5 Bd7 16. O-O Rc8 17. h3 Na5 18. Bxd7+ Kxd7 19. Bc5 Nac4 20. Rb3 Rc6 21. Rfb1 g5 22. a4 h5 23. Rb5 g4 24. hxg4 hxg4 25. Nh2 f5 26. a5 Na8 27. Rxb7+ Nc7 28. Rxa7 e5 29. Rbb7 exd4 30. Bxd4 Rh7 31. exf5 Nd6 32. Rb6 Rc1+ 33. Nf1 Ne4 34. Be5 Nd2 35. Rd6+ 1-0


[Site "https://www.chess.com"]

[Event "Titled Tuesday Blitz June 13 Early 2023"]
[White "Gonzalez Vega, Alejandro"]
[Black "Lopez, Nelson M, Ii"]
[WhiteFideId "3510042"]
[BlackFideId "2027895"]
[WhiteElo "2307"]
[BlackElo "2448"]
[Result "1-0"]
[Round "9"]
[TimeControl "180+2"]
[Date "2023.06.13"]
[WhiteClock "0:00:33"]
[BlackClock "0:00:00"]
[Board "130"]

1. e4 e5 2. Nf3 Nc6 3. d4 exd4 4. Bc4 Nf6 5. e5 d5 6. Bb5 Ne4 7. Nxd4 Bd7 8. Bxc6 bxc6 9. O-O c5 10. Nb3 c6 11. f3 Ng5 12. f4 Ne4 13. Nc3 Nxc3 14. bxc3 c4 15. Nd4 Qa5 16. Bd2 Bc5 17. Rf2 O-O-O 18. a4 h5 19. Qb1 Kc7 20. Qa2 h4 21. h3 Rh6 22. Kh2 Rg6 23. Re2 Rg3 24. Be1 Re8 25. Rb1 Rxc3 26. Bxc3 Qxc3 27. Nf3 d4 28. Qb2 Qxb2 29. Rxb2 d3 30. cxd3 cxd3 31. Red2 Bf5 32. Rb3 Rd8 33. Ne1 Be3 34. Rdxd3 Bxf4+ 35. Kg1 Bxd3 36. Nxd3 Rxd3 37. Rxd3 Bxe5 38. Kf2 c5 39. Kf3 c4 40. Rd5 f6 41. Rc5+ Kb6 42. Rxc4 a5 43. Rxh4 Kc5 44. Rg4 g5 45. h4 gxh4 46. Rxh4 Bc3 47. Rg4 Bb4 48. Rf4 Bc3 49. Re4 Be5 50. Kg4 Kd5 51. Kf5 Kd6 52. g4 Kd5 53. g5 1-0


[Site "https://www.chess.com"]

[Event "Titled Tuesday Blitz June 13 Early 2023"]
[White "Rodriguez Santiago, Jaime"]
[Black "Goncalves, Davi Sulzbacher"]
[WhiteFideId "3100898"]
[BlackFideId "2154510"]
[WhiteElo "2025"]
[BlackElo "2182"]
[Result "1-0"]
[Round "9"]
[TimeControl "180+2"]
[Date "2023.06.13"]
[WhiteClock "0:01:03"]
[BlackClock "0:00:00"]
[Board "131"]

1. d4 Nf6 2. c4 e6 3. Nf3 Bb4+ 4. Bd2 O-O 5. a3 Bxd2+ 6. Nbxd2 b6 7. b4 Bb7 8. e3 c5 9. Bd3 cxd4 10. exd4 d6 11. O-O e5 12. dxe5 dxe5 13. Nxe5 Re8 14. Ndf3 Nc6 15. Nxc6 Bxc6 16. Nd4 Be4 17. Bxe4 Rxe4 18. Nb5 Qe7 19. Qb3 Re8 20. h3 h6 21. Rad1 Rc8 22. Nd6 1-0


[Site "https://www.chess.com"]

[Event "Titled Tuesday Blitz June 13 Early 2023"]
[White "Ansh M Shah"]
[Black "Chakravarthi Reddy, M"]
[WhiteFideId "25033379"]
[BlackFideId "25009532"]
[WhiteElo "2084"]
[BlackElo "2201"]
[Result "1-0"]
[Round "9"]
[TimeControl "180+2"]
[Date "2023.06.13"]
[WhiteClock "0:00:16"]
[BlackClock "0:00:23"]
[Board "132"]

1. d4 d5 2. c4 c6 3. cxd5 cxd5 4. Nc3 Nf6 5. Bf4 Nc6 6. Nf3 Bg4 7. Rc1 e6 8. e3 a6 9. Qb3 Na5 10. Qa4+ Nc6 11. Ne5 Rc8 12. Nxc6 Qd7 13. h3 Bf5 14. e4 Nxe4 15. Nxe4 Bxe4 16. f3 Bg6 17. Bxa6 bxa6 18. Qxa6 Bb4+ 19. Kf2 Be7 20. Nxe7 Kxe7 21. Qa3+ Ke8 22. Rxc8+ Qxc8 23. Rc1 Bc2 24. Qb3 Qc4 25. Qxc4 dxc4 26. Rxc2 Kd7 27. Rxc4 Ra8 28. a3 f6 29. Ke2 g5 30. Bg3 h5 31. Kd2 f5 32. Bf2 Kd6 33. Kc2 Kd5 34. Kd3 g4 35. Rc5+ Kd6 36. hxg4 hxg4 37. fxg4 fxg4 38. Bg3+ Kd7 39. Rc7+ Ke8 40. Ke4 Rb8 41. b4 Ra8 42. Rc3 Kf7 43. Be5 Kg6 44. Kf4 Kh5 45. Kg3 Kg5 46. b5 Kf5 47. b6 1-0


[Site "https://www.chess.com"]

[Event "Titled Tuesday Blitz June 13 Early 2023"]
[White "Samaganova, Aleksandra"]
[Black "Abduzhaparov"]
[WhiteFideId "13800221"]
[WhiteElo "1858"]
[BlackElo "2416"]
[Result "1/2-1/2"]
[Round "9"]
[TimeControl "180+2"]
[Date "2023.06.13"]
[WhiteClock "0:00:02"]
[BlackClock "0:00:10"]
[Board "133"]

1. c4 d6 2. Nc3 Nf6 3. g3 Nbd7 4. Bg2 h5 5. h3 h4 6. g4 e5 7. d3 c6 8. Nf3 Be7 9. Rb1 a5 10. a3 Nc5 11. b4 axb4 12. axb4 Ne6 13. b5 Nf4 14. Bxf4 exf4 15. bxc6 bxc6 16. Nd4 Bd7 17. Nxc6 Bxc6 18. Bxc6+ Kf8 19. Bxa8 Qxa8 20. f3 g6 21. Qd2 Kg7 22. Qxf4 Qa5 23. Qd2 Ra8 24. O-O d5 25. Rb5 Qa7+ 26. Kg2 dxc4 27. dxc4 Rd8 28. Qf4 Bd6 29. Qg5 Be7 30. Qe5 Bd6 31. Qg5 Be7 32. Qf4 Bd6 33. Qc1 Ba3 34. Qc2 Qc7 35. f4 Qxc4 36. Rb3 Bb4 37. Rf3 Nd5 38. Qb2 Bxc3 39. Rbxc3 Nxc3 40. Qxc3+ Qd4 41. Qxd4+ Rxd4 42. Kf2 Ra4 43. g5 Ra1 44. Re3 Rh1 45. Kg2 Re1 46. Kf2 Rh1 47. Ra3 Rh2+ 48. Kf1 Kg8 49. Re3 Rh1+ 50. Kg2 Re1 51. Re7 Kf8 52. Re5 Kg7 53. Kf2 Rh1 54. Kg2 Re1 55. Re4 Kg8 56. Re3 Kg7 57. Kf2 Rh1 1/2-1/2


[Site "https://www.chess.com"]

[Event "Titled Tuesday Blitz June 13 Early 2023"]
[White "Buchenau, Frank"]
[Black "Acikel, Mert"]
[WhiteFideId "4604350"]
[BlackFideId "12956465"]
[WhiteElo "2157"]
[BlackElo "2097"]
[Result "0-1"]
[Round "9"]
[TimeControl "180+2"]
[Date "2023.06.13"]
[WhiteClock "0:00:17"]
[BlackClock "0:00:09"]
[Board "134"]

1. e4 e5 2. Bc4 Nf6 3. d3 c6 4. Nf3 d5 5. Bb3 Bb4+ 6. Bd2 Bxd2+ 7. Nbxd2 Nbd7 8. O-O O-O 9. Re1 Re8 10. d4 dxe4 11. Nxe4 exd4 12. Nd6 Rxe1+ 13. Qxe1 Nd5 14. Ng5 N7f6 15. Ngxf7 Qf8 16. Qe5 Bd7 17. Re1 h6 18. Bxd5 cxd5 19. Qxd4 Be8 20. Nxe8 Rxe8 21. Rxe8 Qxe8 22. Ne5 Qe6 23. f4 b6 24. Qa4 Qe7 25. Qc6 Qb4 26. Qc8+ Kh7 27. Qf5+ Kg8 28. Nd3 Qd4+ 29. Kf1 Ne4 30. Qe5 Qe3 31. Qxd5+ Kh8 32. g3 Qf3+ 33. Kg1 Qd1+ 34. Kg2 Qe2+ 35. Kh3 Qf1+ 36. Kg4 Nf6+ 0-1


[Site "https://www.chess.com"]

[Event "Titled Tuesday Blitz June 13 Early 2023"]
[White "Putri, Regita Desyari"]
[Black "Chandreyee, Hajra"]
[WhiteFideId "7109083"]
[BlackFideId "5056535"]
[WhiteElo "1930"]
[BlackElo "1725"]
[Result "0-1"]
[Round "9"]
[TimeControl "180+2"]
[Date "2023.06.13"]
[WhiteClock "0:00:06"]
[BlackClock "0:00:26"]
[Board "135"]

1. d4 e6 2. c4 f5 3. g3 Nf6 4. Bg2 Be7 5. Nf3 d6 6. O-O Ne4 7. b3 O-O 8. Bb2 Nd7 9. Nbd2 Ndf6 10. Qc2 b6 11. Nxe4 Nxe4 12. Nd2 Nxd2 13. Qxd2 Rb8 14. e4 Bb7 15. exf5 Bxg2 16. Kxg2 exf5 17. f4 d5 18. Rfe1 Bf6 19. Qd3 Qd7 20. Rac1 Rbe8 21. Ba3 Rxe1 22. Rxe1 Rd8 23. c5 Re8 24. Rxe8+ Qxe8 25. Kf3 Qh5+ 26. Kg2 Qe8 27. cxb6 axb6 28. Kf3 Qe1 29. Qxf5 Qd1+ 30. Kg2 Qe2+ 31. Kg1 Bxd4+ 32. Kh1 Qf3# 0-1


[Site "https://www.chess.com"]

[Event "Titled Tuesday Blitz June 13 Early 2023"]
[White "SicilianPanzer"]
[Black "Gomez Barrera, Javiera Belen"]
[BlackFideId "3418723"]
[WhiteElo "2257"]
[BlackElo "2119"]
[Result "0-1"]
[Round "9"]
[TimeControl "180+2"]
[Date "2023.06.13"]
[WhiteClock "0:01:40"]
[BlackClock "0:02:11"]
[Board "136"]

1. d4 d5 2. c4 e6 3. Nc3 Nf6 4. cxd5 exd5 5. Bg5 c6 6. e3 h6 7. Bh4 Be7 8. Bd3 O-O 9. Nge2 Re8 10. Qc2 a5 11. O-O b5 12. a4 b4 13. Nb1 Bb7 14. Nd2 Nbd7 15. f3 c5 16. dxc5 Bxc5 17. Nd4 Rxe3 18. N2b3 Bxd4 19. Nxd4 Qb6 20. Bf2 Qxd4 21. Rad1 Qe5 0-1


[Site "https://www.chess.com"]

[Event "Titled Tuesday Blitz June 13 Early 2023"]
[White "campochess"]
[Black "Kopczynski, Michal"]
[BlackFideId "1124200"]
[WhiteElo "2201"]
[BlackElo "2212"]
[Result "0-1"]
[Round "9"]
[TimeControl "180+2"]
[Date "2023.06.13"]
[WhiteClock "0:02:06"]
[BlackClock "0:02:11"]
[Board "137"]

1. d4 Nf6 2. Bg5 Ne4 3. h4 d5 4. Nd2 Nxg5 5. hxg5 e5 6. dxe5 Qxg5 7. Ngf3 Qg6 8. c4 dxc4 9. Qa4+ Nc6 10. Nxc4 Bd7 11. Rd1 Bb4+ 12. Ncd2 Nd4 13. Qxd7+ Kxd7 14. Nxd4 Rad8 15. a3 Bxd2+ 16. Rxd2 Kc8 17. e4 Qxe4+ 18. Ne2 Qb1+ 0-1


[Site "https://www.chess.com"]

[Event "Titled Tuesday Blitz June 13 Early 2023"]
[White "Samarth J Rao"]
[Black "Nikologorsky, Matfei"]
[WhiteFideId "46652370"]
[BlackFideId "24102474"]
[WhiteElo "1564"]
[BlackElo "2153"]
[Result "0-1"]
[Round "9"]
[TimeControl "180+2"]
[Date "2023.06.13"]
[WhiteClock "0:00:00"]
[BlackClock "0:00:12"]
[Board "138"]

1. Nf3 d5 2. c4 dxc4 3. e3 Nf6 4. Bxc4 e6 5. O-O a6 6. a4 b6 7. b3 Bb7 8. Bb2 Nbd7 9. Nc3 Be7 10. Rc1 O-O 11. Be2 c5 12. d4 Rc8 13. Qd2 cxd4 14. Nxd4 Nc5 15. b4 Nce4 16. Nxe4 Nxe4 17. Qe1 Rxc1 18. Bxc1 Qd6 19. Ba3 Rc8 20. Qa1 Nc3 21. Qe1 Nxa4 22. Qa1 Nc3 23. Bf3 Bxf3 24. Nxf3 a5 25. Bb2 axb4 26. h3 Bf6 27. Nh2 h5 28. Qa6 Qc6 29. Ra1 b5 30. Qxc6 Rxc6 31. Nf3 Ne2+ 32. Kf1 Bxb2 33. Ra8+ Kh7 34. Kxe2 b3 35. Rb8 Bf6 36. Nd2 Rc2 37. Kd1 Rb2 38. Rxb5 Bc3 39. Ne4 Rb1+ 40. Ke2 Ba1 41. Nd2 Rb2 42. Rxh5+ Kg6 43. Rb5 Rc2 44. Rxb3 Bc3 45. Rxc3 Rxc3 46. Ne4 Ra3 47. Kf3 f6 48. Ng3 Ra4 49. Ne2 e5 50. Kg3 Ra2 51. Nc3 Ra3 52. Nb5 Ra4 53. Nc3 Ra1 54. Nd5 Kf5 55. f3 Ra2 56. e4+ Ke6 57. Ne3 Rd2 58. h4 g6 59. Kh3 Rd3 60. Ng4 Rd1 61. Kg3 f5 62. exf5+ gxf5 63. Nf2 Rd2 64. Nh3 Kf6 65. f4 Rd3+ 66. Kf2 e4 67. Ng5 Ra3 68. h5 Ra1 69. Nh7+ Kg7 70. Ng5 Rh1 71. Ne6+ Kf6 72. Nf8 Rxh5 73. Nd7+ Ke6 74. Ne5 Rh1 75. g4 fxg4 76. Nxg4 Kf5 77. Ne3+ Kxf4 78. Ng2+ Ke5 79. Ne3 Ra1 80. Ng4+ Kf4 81. Nf6 Ra2+ 82. Ke1 e3 83. Nd5+ Kf3 84. Nc3 Ra1+ 85. Nd1 Rxd1+ 86. Kxd1 Kf2 87. Kc2 e2 0-1


[Site "https://www.chess.com"]

[Event "Titled Tuesday Blitz June 13 Early 2023"]
[White "Gulkov, Igor A."]
[Black "Blackwhite017"]
[WhiteFideId "4120973"]
[WhiteElo "2343"]
[BlackElo "2145"]
[Result "1-0"]
[Round "9"]
[TimeControl "180+2"]
[Date "2023.06.13"]
[WhiteClock "0:00:42"]
[BlackClock "0:00:08"]
[Board "139"]

1. Nf3 c5 2. c4 g6 3. d4 cxd4 4. Nxd4 Bg7 5. e4 Nf6 6. Nc3 Nc6 7. Be3 O-O 8. Be2 d6 9. O-O Bd7 10. Qd2 Nxd4 11. Bxd4 Bc6 12. f3 a5 13. b3 Nd7 14. Be3 Nc5 15. Rac1 Be5 16. Nd5 e6 17. Nf4 Qf6 18. g3 Rfd8 19. Rfd1 Rd7 20. Ng2 Qe7 21. Bg5 f6 22. Be3 f5 23. exf5 exf5 24. Re1 Re8 25. Bf2 Qg7 26. Nf4 Rde7 27. Nd5 Bxd5 28. Qxd5+ Qf7 29. Qxf7+ Kxf7 30. Bf1 Bb2 31. Rxe7+ Rxe7 32. Rd1 Ke6 33. Kg2 Na6 34. Rd2 Bf6 35. Bd3 Nb4 36. Re2+ Kd7 37. Rxe7+ Kxe7 38. Bb1 d5 39. cxd5 Nxd5 40. Bd3 Nc3 41. a4 Nd5 42. Bc5+ Kd7 43. Bc4 Kc6 44. Bf2 Ne7 45. Kf1 Bc3 46. Ke2 Bb4 47. Kd3 Bc5 48. Be1 b6 49. g4 fxg4 50. fxg4 Kd6 51. Bg3+ Kc6 52. Ke4 Nc8 53. Bb5+ Kb7 54. Kd5 Na7 55. Bd3 Nc6 56. Bb5 Nd4 57. Bc4 Nf3 58. Ke6 Nd4+ 59. Kf7 Kc6 60. Kg7 h5 61. gxh5 gxh5 62. Kg6 h4 63. Bxh4 Bd6 64. Bf2 Nxb3 65. Bxb3 Bxh2 66. Bc4 Bd6 67. Bb5+ Kd5 68. Kf5 Bc5 69. Bg3 Bd6 70. Bxd6 Kxd6 71. Ke4 Kc5 72. Ke5 Kb4 73. Kd6 Kc3 74. Kc6 Kb3 75. Kxb6 Ka3 76. Kxa5 Ka2 77. Kb6 1-0


[Site "https://www.chess.com"]